 Dungeon Crawl Stone Soup version 0.24.0-37-gcf1ca852f1 (webtiles) character file.

Game seed: 17057269842734081633, levelgen mode: deterministic

11148 M4edhros the Martial Artist (level 11, -1/94 HPs)
             Began as an Octopode Necromancer on Nov 27, 2019.
             Was a High Priest of Cheibriados.
             Slain by a death yak (13 damage)
             ... on level 4 of the Lair of Beasts.
             The game lasted 00:41:29 (5509 turns).

M4edhros the Martial Artist (Octopode Necromancer)  Turns: 5509, Time: 00:41:30

Health: -1/94      AC: 30    Str: 22    XL:     11   Next: 73%
Magic:  1/15       EV: 22    Int: 34    God:    Cheibriados [*****.]
Gold:   454        SH:  0    Dex: 26    Spells: 3/14 levels left

rFire    + . .     SeeInvis .     - Unarmed
rCold    . . .     Gourm    .   (no shield)
rNeg     + . .     Faith    .   (helmet restricted)
rPois    ∞         Spirit   .   (no amulet)
rElec    +         Reflect  .   a - ring of protection from cold
rCorr    .         Harm     .   n - ring of protection from magic
MR       +....                  q - +4 ring of protection
Stlth    ++++......             x - +3 ring of strength
HPRegen  0.25/turn              (no ring)
MPRegen  0.14/turn              o - ring of fire
                                (no ring)
                                (no ring)

@: brilliant, about to teleport, statue-form, very slightly contaminated, very
slow
A: almost no armour, stealthy swim, amphibious, 8 rings, constrict 8, camouflage
1
a: End Transformation, Bend Time, Temporal Distortion, Slouch, Step From Time,
Renounce Religion


You were on level 4 of the Lair of Beasts.
You worshipped Cheibriados.
Cheibriados was extremely pleased with you.
You were very hungry.
You were a stone statue.
You visited 3 branches of the dungeon, and saw 14 of its levels.

You collected 619 gold pieces.
You spent 165 gold pieces at shops.

Inventory:

Hand Weapons
 D - the +7 dagger "Cal Gemi" {pierce, Int+4}
   (You found it on level 8 of the Dungeon)

   It inflicts extra damage upon your enemies.
   It affects your intelligence (+4).
Missiles
 f - 5 throwing nets
 h - 32 sling bullets
 t - 26 poisoned darts (quivered)
Magical Staves
 C - an uncursed staff of energy
Jewellery
 a - a ring of protection from cold (left tentacle)
 e - an uncursed ring of ice
 n - a ring of protection from magic (right tentacle)
 o - a ring of fire (on tentacle)
 q - a +4 ring of protection (on tentacle)
 x - a +3 ring of strength (on tentacle)
Wands
 r - a wand of iceblast (2)
 z - a wand of scattershot (8)
 H - a wand of digging (5)
Scrolls
 d - 3 scrolls of teleportation
 j - 2 scrolls of fog {unknown}
 k - 4 scrolls of remove curse
 m - 2 scrolls of magic mapping {unknown}
 s - 3 scrolls of enchant armour {unknown}
 u - 2 scrolls of immolation {unknown}
 w - a scroll of random uselessness {unknown}
 y - a scroll of noise
 B - a scroll of amnesia {unknown}
 E - a scroll of enchant weapon {unknown}
 F - 3 scrolls of torment {unknown}
Potions
 c - 4 potions of brilliance
 g - 4 potions of curing
 i - a potion of ambrosia
 l - a potion of haste
 p - a potion of might
 A - 2 potions of lignification
Comestibles
 b - 22 rations
 v - 13 chunks of flesh


   Skills:
 + Level 6.3 Fighting
 * Level 9.6 Dodging
 - Level 2.6 Stealth
 + Level 10.3 Unarmed Combat
 - Level 2.0 Spellcasting
 - Level 4.0 Necromancy
 + Level 5.5 Transmutations
 + Level 5.7 Earth Magic
 - Level 6.0 Invocations


You had 3 spell levels left.
You knew the following spells:

 Your Spells              Type           Power        Failure   Level  Hunger
a - Pain                  Necr           ####         1%          1    None
b - Animate Skeleton      Necr           N/A          1%          1    None
c - Regeneration          Chrm/Necr      #####.....   1%          3    ###....
d - Statue Form           Tmut/Erth      ######...    10%         6    #######

Your spell library contained the following spells:

 Spells                   Type           Power        Failure   Level  Hunger
 Corona                   Hex            ###....      1%          1    None
 Ensorcelled Hibernation  Hex/Ice        ###...       1%          2    ##.....
 Vampiric Draining        Necr           ######....   1%          3    ###....
 Confuse                  Hex            ###.....     2%          3    ###....
 Dazzling Spray           Conj/Hex       ###...       2%          3    ###....
 Tukima's Dance           Hex            ###.....     2%          3    ###....
 Animate Dead             Necr           N/A          1%          4    ####...
 Irradiate                Conj/Tmut      #####.....   6%          5    ######.
 Hydra Form               Tmut           ######....   11%         6    #######
 Dragon Form              Tmut           ######....   43%         7    #######


Dungeon Overview and Level Annotations

Branches:
Dungeon (9/15)             Temple (1/1) D:4            Lair (4/6) D:8
 Shoals (0/4) Lair:2
  Snake: Lair:2-4    Spider: Lair:2-4       Orc: D:9-12

Altars:
Ashenzari
Cheibriados
Dithmenos
Elyvilon
Fedhas
Gozag
Hepliaklqana
Kikubaaqudgha
Makhleb
Nemelex Xobeh
Okawaru
Vehumet
Xom
Yredelemnul
Zin
The Shining One

Shops:
D:9 *

Annotations:
D:6 Pikel


Innate Abilities, Weirdness & Mutations

You cannot wear most types of armour.
You are very stealthy in the water. (Stealth+)
You are amphibious.
You can wear up to eight rings at the same time.
You can use your tentacles to constrict eight enemies at once.
Your skin changes colour to match your surroundings (Stealth+).
((Your rubbery body absorbs attacks. (AC +1, EV +1)))


Message History

The death yak gores you!!
Unknown command.
Unknown command.
Unknown command.
Unknown command.
Unknown command.
Unknown command.
Unknown command.
Unknown command.
Unknown command.
Unknown command.
Unknown command.
Unknown command.
Okay, then.
As you read the scroll of teleportation, it crumbles to dust.
You feel strangely unstable.
The yak gores you but does no damage. x2
The death yak gores you!
* * * LOW HITPOINT WARNING * * *
The yak gores you but does no damage. The death yak gores you!
You die...

##.##P.........
##. ###.#P#...
. #..##...###
..). ##......#
... #.P##..##
.... #..
#....##..... ##
##..........
#....##....
##8Y.# ...
#YY## . #Y#Y#
#Y...#
.........
..........
.........>..
.##P##.#.....
#. ## ..#P...


You could see 2 death yaks and 4 yaks.

Vanquished Creatures
  A hydra (Lair:2)
  Harold (D:8)
  A death yak (Lair:4)
  Erica (Lair:1)
  The ghost of DildoBatman the Magician, a novice FoWz (D:5)
  A manticore (Lair:2)
  A black mamba (Lair:3)
  2 spiny frogs (Lair:2)
  2 komodo dragons (Lair:3)
  Prince Ribbit (Lair:3)
  7 blink frogs (Lair:3)
  3 hippogriffs
  3 yaks (Lair:2)
  2 basilisks (Lair:1)
  3 water moccasins
  An orc warrior (D:7)
  2 porcupines
  2 ice beasts
  5 wolves (Lair:4)
  3 ogres
  6 centaurs
  A big kobold (D:3)
  5 bullfrogs
  4 crimson imps
  A bullfrog zombie (D:8)
  A centaur skeleton (D:8)
  2 orc priests
  2 hounds
  2 jellies
  3 orc wizards
  Natasha (thrice) (D:2)
  2 hell rats (Lair:3)
  5 worker ants
  A hound skeleton (D:4)
  A howler monkey skeleton (D:9)
  5 gnolls
  2 river rats (Lair:3)
  5 adders
  A white imp (D:5)
  An ooze (D:3)
  2 worms
  An adder simulacrum (D:5)
  A dart slug (D:4)
  6 leopard geckos
  18 orcs
  5 giant cockroaches
  5 goblins
  7 hobgoblins
  13 jackals
  10 kobolds
  2 quokkas
  A ball python (D:3)
  8 bats
  2 frilled lizards
  12 rats
  A fungus (Lair:1)
  A plant (Lair:1)
191 creatures vanquished.

Vanquished Creatures (collateral kills)
  A komodo dragon (Lair:2)
  A blink frog (Lair:3)
  3 hippogriffs
  3 porcupines
  An ogre (D:4)
  A hell rat (Lair:3)
  A bullfrog simulacrum (D:5)
  An adder (D:2)
  A river rat (Lair:3)
  2 hound simulacra (D:5)
  2 adder simulacra (D:5)
  2 bats
  A goblin (D:1)
  A hobgoblin (D:3)
  3 kobolds
  A frilled lizard (D:1)
  2 rats
27 creatures vanquished.

Grand Total: 218 creatures vanquished

Notes
Turn   | Place    | Note
-------+----------+-------------------------------------------
     0 | D:1      | M4edhros the Octopode Necromancer began the quest for the
                  | Orb.
     0 | D:1      | Reached XP level 1. HP: 11/11 MP: 3/3
    36 | D:1      | Reached skill level 1 in Unarmed Combat
    36 | D:1      | Reached XP level 2. HP: 3/17 MP: 0/5
    42 | D:1      | Learned a level 1 spell: Animate Skeleton
    75 | D:1      | Reached skill level 2 in Unarmed Combat
   377 | D:1      | Reached XP level 3. HP: 13/21 MP: 1/6
   382 | D:1      | Learned a level 3 spell: Regeneration
   541 | D:2      | Reached skill level 3 in Unarmed Combat
   669 | D:3      | Reached XP level 4. HP: 27/27 MP: 7/7
   878 | D:3      | Reached skill level 4 in Unarmed Combat
   935 | D:3      | Reached XP level 5. HP: 26/31 MP: 0/8
  1310 | D:4      | Noticed an ogre
  1310 | D:4      | Noticed an ogre
  1353 | D:4      | Found a staircase to the Ecumenical Temple.
  1354 | D:4      | Noticed a big kobold
  1372 | D:3      | Killed a big kobold
  1372 | D:3      | Reached skill level 5 in Unarmed Combat
  1420 | D:4      | Noticed a centaur
  1545 | D:2      | Noticed Natasha
  1554 | D:2      | Reached XP level 6. HP: 36/36 MP: 9/9
  1558 | D:2      | Killed Natasha
  1566 | D:2      | Found a shimmering altar of Xom.
  1622 | D:2      | Noticed Natasha
  1626 | D:2      | Killed Natasha
  1642 | D:2      | Reached skill level 6 in Unarmed Combat
  1700 | D:2      | Noticed Natasha
  1707 | D:2      | Killed Natasha
  1781 | D:4      | Noticed a phantom
  1852 | D:4      | Found a hazy altar of Hepliaklqana.
  1903 | Temple   | Entered the Ecumenical Temple
  1968 | Temple   | Became a worshipper of Cheibriados the Contemplative
  2309 | D:4      | Reached skill level 7 in Unarmed Combat
  2309 | D:4      | Reached XP level 7. HP: 32/41 MP: 10/10
  2440 | D:4      | Reached skill level 8 in Unarmed Combat
  2474 | D:5      | Entered Level 5 of the Dungeon
  2481 | D:5      | Reached * piety under Cheibriados
  2658 | D:5      | Found a runed translucent gate.
  2658 | D:5      | Found a runed translucent gate.
  2659 | D:5      | Found a runed translucent gate.
  2677 | D:5      | Reached skill level 1 in Fighting
  2689 | D:5      | Reached XP level 8. HP: 27/48 MP: 8/11
  2753 | D:5      | Noticed DildoBatman's ghost (novice FoWz)
  2787 | D:5      | Killed DildoBatman's ghost
  2882 | D:5      | Learned a level 6 spell: Statue Form
  2938 | D:6      | Noticed Pikel
  2975 | D:6      | Reached ** piety under Cheibriados
  3021 | D:6      | Reached skill level 1 in Invocations
  3139 | D:7      | Reached skill level 1 in Earth Magic
  3141 | D:7      | Reached skill level 5 in Dodging
  3142 | D:7      | Reached skill level 1 in Transmutations
  3250 | D:7      | Reached XP level 9. HP: 25/56 MP: 12/12
  3501 | D:8      | Got a shimmering dagger
  3503 | D:8      | Identified the +7 dagger "Cal Gemi" {pierce, Int+4} (You
                  | found it on level 8 of the Dungeon)
  3559 | D:8      | Noticed Harold
  3575 | D:8      | Killed Harold
  3575 | D:8      | Reached skill level 9 in Unarmed Combat
  3613 | D:8      | Found a staircase to the Lair.
  3631 | D:8      | Found a shattered altar of Ashenzari.
  3728 | D:8      | Reached *** piety under Cheibriados
  3971 | D:9      | Found a basalt altar of Yredelemnul.
  4008 | D:9      | Found Ehetuypo's Assorted Antiques.
  4017 | D:9      | Bought a scroll of identify for 66 gold pieces
  4017 | D:9      | Bought a scroll labeled OGUJYF MAERU for 33 gold pieces
  4017 | D:9      | Bought a scroll labeled PUDOT FUGE for 33 gold pieces
  4017 | D:9      | Bought a scroll labeled FAQILUD DAON for 33 gold pieces
  4090 | D:9      | Noticed a troll
  4273 | Lair:1   | Entered Level 1 of the Lair of Beasts
  4292 | Lair:1   | Reached skill level 5 in Invocations
  4292 | Lair:1   | Reached XP level 10. HP: 63/63 MP: 13/13
  4581 | Lair:2   | Noticed a spiny frog
  4619 | Lair:2   | Killed a spiny frog
  4665 | Lair:2   | Noticed a spiny frog
  4803 | Lair:1   | Noticed Erica
  4812 | Lair:1   | Killed Erica
  4833 | Lair:2   | Found a staircase to the Shoals.
  4833 | Lair:2   | Noticed a manticore
  4841 | Lair:2   | Killed a manticore
  4874 | Lair:2   | Killed a spiny frog
  4874 | Lair:2   | Reached skill level 5 in Fighting
  4876 | Lair:2   | Reached **** piety under Cheibriados
  4955 | Lair:2   | Noticed an eight-headed hydra
  4965 | Lair:2   | Killed an eight-headed hydra
  4965 | Lair:2   | Reached XP level 11. HP: 63/72 MP: 9/15
  5062 | Lair:3   | Noticed Prince Ribbit
  5143 | Lair:3   | Reached skill level 5 in Earth Magic
  5144 | Lair:3   | Reached skill level 10 in Unarmed Combat
  5151 | Lair:3   | Killed Prince Ribbit
  5182 | Lair:3   | Reached skill level 5 in Transmutations
  5438 | Lair:3   | Reached ***** piety under Cheibriados
  5495 | Lair:4   | Noticed a death yak
  5499 | Lair:4   | Noticed a death yak
  5500 | Lair:4   | Noticed a death yak
  5506 | Lair:4   | Killed a death yak
  5509 | Lair:4   | Slain by a death yak

Levels and vault maps discovered:
D:1:      ncdulo_watergridlock, layout_basic, st_stairs_9
D:2:      layout_rooms, nicolae_overflow_crystal_walls,
          chequers_serial_rivers_small_3, uniq_natasha
D:3:      layout_basic, minmay_misc_feat_pillars, chequers_jeans
D:4:      layout_rooms, kennysheep_mini_moat,
          minmay_temple_entry_statues_fountains, portal_sewer_entry_f,
          first_ration
D:5:      layout_gridville, gammafunk_ghost_icy, minmay_misc_feat_cross,
          minmay_fractal_squares_5
D:6:      layout_basic, lemuel_crystal_altar, chequers_garden,
          serial_park_tiny_1, grunt_ministairs_12, uniq_pikel
D:7:      layout_loops_ring
D:8:      layout_cave_pods, amethyst_overflow_temple_binary, kennysheep_mini,
          lair_entry_dummy, uniq_harold
D:9:      layout_roguey, lemuel_round_altar, enter_bailey_2, serial_shops,
          nicolae_shop_overgrown_old_shop, blue_anna_alchemist
          [blue_anna_fruit_fields, blue_anna_fruit_fields]
Temple:   regret_index_temple_waves
Lair:1:   layout_roguey, minivault_26, uniq_erica
Lair:2:   layout_hall_layers, minmay_shoals_entry_beasts
Lair:3:   layout_layer_cave, kennysheep_abandoned_house, uniq_prince_ribbit2
Lair:4:   layout_regular_city, minmay_snake_entry_guardpost_medium,
          gammafunk_ghost_split, portal_ice_cave_entry_pillars_2, st_stairs_7,
          nicolae_lair_yak_garden, uniq_josephine

Skill      XL: |  1  2  3  4  5  6  7  8  9 10 11 |
---------------+----------------------------------+-----
Unarmed Combat | 1 2 3 4 5 7 8 9 10 | 10.3
Fighting       | 1 3 4 5 6 |  6.3
Dodging        | 3 5 6 8 9 |  9.6
Invocations    | 2 5 6 |  6.0
Earth Magic    | 1 3 4 5 |  5.7
Transmutations | 1 2 4 5 |  5.5
Stealth        | |  2.6
Spellcasting   | |  2.0
Necromancy     | |  4.0

Action                   |  1- 3 |  4- 6 |  7- 9 | 10-12 || total
-------------------------+-------+-------+-------+-------++-------
Melee: Unarmed           |    24 |   142 |   163 |   123 ||   452
       Constrict         |     8 |    34 |    31 |    25 ||    98
       Tentacles         |     5 |    29 |    45 |    41 ||   120
       Punch             |     1 |     6 |    15 |    21 ||    43
Throw: Dart              |       |       |     2 |       ||     2
 Cast: Pain              |    21 |     6 |    10 |       ||    37
       Animate Skeleton  |    11 |    23 |    20 |    26 ||    80
       Regeneration      |     1 |    14 |    12 |     9 ||    36
       Statue Form       |       |       |       |     1 ||     1
Invok: Slouch            |       |       |       |     1 ||     1
Evoke: Wand              |       |       |     9 |     8 ||    17
  Use: Scroll            |       |     1 |     9 |     3 ||    13
       Potion            |       |     1 |     5 |     2 ||     8
 Stab: Sleeping          |     4 |     6 |     8 |     5 ||    23
       Distracted        |       |       |     2 |     3 ||     5
  Eat: Chunk             |       |     8 |     6 |     3 ||    17
Armor: Skin              |     5 |    33 |    11 |    29 ||    78
Dodge: Dodged            |     5 |    89 |   103 |   108 ||   305
